 Dungeon Crawl Stone Soup version 0.32-a0-40-g2adb59ae06 (webtiles) character file.

Game seed: 13058887808688161009

50 innerfire43 the Shooter (level 3, -2/24 HPs)
             Began as a Demonspawn Wanderer on Jan 24, 2024.
             Was a Follower of Lugonu.
             Slain by a kobold
             ... wielding a +0 whip of venom
              (3 damage)
             ... on level 3 of the Dungeon.
             The game lasted 00:04:10 (1833 turns).

innerfire43 the Shooter (Demonspawn Wanderer)       Turns: 1833, Time: 00:04:10

Health: -2/24      AC:  8    Str: 14    XL:     3   Next: 55%
Magic:  5/5        EV:  9    Int: 16    God:    Lugonu [*.....]
Gold:   130        SH:  4    Dex: 14    Spells: 2/2 levels left

rFire   . . .        a - +0 shortbow
rCold   . . .        (shield currently unavailable)
rNeg    . . .        t - +0 scale mail
rPois   .            n - +0 helmet
rElec   .            (no cloak)
rCorr   .            c - +0 pair of gloves
SInv    .            (no boots)
Will    .....        (no amulet) Stlth
                     q - +6 ring of intelligence
HPRegen 0.24/turn    (no ring)
MPRegen 0.09/turn

%: no passive effects
@: lethally poisoned (-2 -> -16), invisible
A: condensation shield
a: Renounce Religion, Depart the Abyss


You were on level 3 of the Dungeon.
You worshipped Lugonu.
Lugonu was aware of your devotion.
You visited 1 branch of the dungeon, and saw 3 of its levels.

You collected 130 gold pieces.

Inventory:

Hand Weapons
 a - a +0 shortbow (weapon)
 b - a +0 spear
Armour
 c - a +0 pair of gloves (worn)
 e - a +0 leather armour
 i - a +0 buckler
 n - a +0 helmet (worn)
 t - a +0 scale mail (worn)
Jewellery
 q - a +6 ring of intelligence (left hand)
Scrolls
 d - a scroll of fear
 f - 2 scrolls of identify {unknown}
 h - a scroll of enchant armour {unknown}
 j - a scroll of fog {unknown}
 l - a scroll of enchant weapon {unknown}
 r - 2 scrolls of teleportation {unknown}
Potions
 k - a potion of might {unknown}
 m - 2 potions of curing {unknown}
 o - a potion of mutation {unknown}
 p - a potion of attraction {unknown}
 s - 2 potions of heal wounds {unknown}


   Skills:
 - Level 1.0 Polearms
 + Level 4.1 Ranged Weapons
 + Level 2.4 Dodging
 + Level 2.8 Invocations
 - Level 2.0 Evocations


You had 2 spell levels left.
You didn't know any spells.
Your spell library was empty.

Dungeon Overview and Level Annotations

Branches:
Dungeon (3/15)

Altars:
Cheibriados
Lugonu


Innate Abilities, Weirdness & Mutations

A meltable shield of frost defends you. (SH +4)


Message History

You shoot an arrow. The arrow closely misses the adder.
You shoot an arrow. The arrow barely misses the adder.
The adder bites you.
You shoot an arrow. The arrow hits the adder.
The adder is moderately wounded.
You block the adder's attack.
A kobold comes into view.
It is wielding a +0 whip of venom and quivering poisoned darts.
The adder bites you but does no damage.
You shoot an arrow. The kobold shouts!
The arrow hits the adder.
The adder is moderately wounded.
The adder bites you but does no damage. The adder bites you.
You are poisoned.
The adder poisons you!
You shoot an arrow. The arrow hits the adder.
The adder is heavily wounded.
You feel sick. The adder bites you.
You are more poisoned.
The adder poisons you! The adder bites you but does no damage.
You shoot an arrow.
The arrow hits the adder but does no damage.
The adder is heavily wounded.
You feel very sick. The adder barely misses you.
The adder bites you but does no damage.
The kobold hits you with a +0 whip of venom.
You are lethally poisoned!
You shoot an arrow. The arrow closely misses the adder.
* * * LOW HITPOINT WARNING * * *
You feel very sick. The adder bites you but does no damage.
You block the kobold's attack. The adder bites you.
* * * LOW HITPOINT WARNING * * *
You are more poisoned.
The adder poisons you!
It was a potion of invisibility.
You fade into invisibility!
* * * LOW HITPOINT WARNING * * *
You feel very sick.
The kobold hits you with a +0 whip of venom.
You die...

####### #..... #..<.
. #... ... #.. ...#
########.##...##
........@S......
######.†K....##
###.#######....###.#
...............##
#........####..##
#.......)##>...#
#........##...##
#........##...#
#........##.#.#####


You could see an adder (unable to see you) and a kobold (unable to see you).

Vanquished Creatures
  A dart slug (D:1)
  5 ball pythons
  8 endoplasms
  2 giant cockroaches (D:1)
  A goblin (D:2)
  7 hobgoblins
  2 jackals (D:1)
  5 kobolds
  A quokka (D:2)
  2 bats
  A frilled lizard (D:1)
  5 rats (D:1)
40 creatures vanquished.

Notes
Turn   | Place    | Note
-------+----------+-------------------------------------------
     0 | D:1      | innerfire43 the Demonspawn Wanderer began the quest for the
                  | Orb.
     0 | D:1      | innerfire43 set off with the following items: a +0
                  | shortbow, a +0 spear, a +0 pair of gloves, a scroll of
                  | fear, a +0 leather armour.
     0 | D:1      | Reached XP level 1. HP: 13/13 MP: 1/1
   312 | D:1      | Gained mutation: A meltable shield of frost defends you.
                  | (SH +4) [demonic ancestry]
   312 | D:1      | Reached XP level 2. HP: 19/19 MP: 3/3
   541 | D:1      | Reached XP level 3. HP: 24/24 MP: 4/4
   728 | D:1      | Reached skill level 4 in Ranged Weapons
   757 | D:1      | Found a faded altar of an unknown god.
   959 | D:1      | Prayed at the altar of an unknown god.
   959 | D:1      | Became a worshipper of Lugonu the Unformed
   959 | D:1      | Reached * piety under Lugonu
  1018 | D:2      | Found a snail-covered altar of Cheibriados.
  1833 | D:3      | HP: 1/24 [poisoned by an adder]
  1833 | D:3      | Slain by a kobold

Illustrated notes

Levels and vault maps discovered:
D:1:      kilobyte_arrival_exit_the_forest, layout_loops_ring,
          ebering_ecumenical_altar_hall, amcnicky_mini_rare_corridor_liquid
D:2:      layout_loops_cross, basic_altar
D:3:      layout_rooms

Skill      XL: |  1  2  3 |
---------------+----------+-----
Dodging        | 2 |  2.4
Invocations    | 2 |  2.8
Ranged Weapons | 4 |  4.1
Polearms       | |  1.0
Evocations     | |  2.0

Action                     || total
---------------------------++-------
   Fire: Shortbow          ||   145
    Use: Potion            ||     1
 Armour: Leather armour    ||    24
         Scale mail        ||    11
  Dodge: Dodged            ||    40
  Block: Other             ||    12

Table legend: (Time is in decaauts)
 A = Elapsed time spent in this place.
 B = Non-inter-level travel time spent in this place.
 C = Inter-level travel time spent in this place.
 D = Time resting spent in this place.
 E = Time spent auto-exploring this place.
 F = Levels seen in this place.
 G = Mean time per level.
                   A        B        C        D        E       F      G
               +--------+--------+--------+--------+--------+-----+--------+
         Total |   1874 |   1743 |    131 |      0 |   1425 |   3 |  624.7 |
       Dungeon |   1874 |   1743 |    131 |      0 |   1425 |   3 |  624.7 |
               +--------+--------+--------+--------+--------+-----+--------+

Top non-repeatable levels by time:
     D:1: 1017 daAuts
     D:2: 675 daAuts
     D:3: 182 daAuts
